 Dungeon Crawl Stone Soup version 0.30.0-29-ga12c61a403 (webtiles) character file.

Game seed: 14738398143175609075

1675 TrilBe the Conjurer (level 8, 0/61 HPs)
             Began as a Purple Draconian Conjurer on June 18, 2023.
             Was an Initiate of Gozag.
             Engulfed by a steam dragon's steam (5 damage)
             ... on level 6 of the Dungeon.
             The game lasted 00:17:45 (6980 turns).

TrilBe the Conjurer (Purple Draconian Conjurer)     Turns: 6980, Time: 00:17:45

Health: 0/61       AC:  7    Str: 17    XL:     8   Next: 70%
Magic:  3/15       EV: 13    Int: 20    God:    Gozag
Gold:   731        SH:  0    Dex: 15    Spells: 11/17 levels left

rFire   . . .        h - staff of conjuration
rCold   . . .        (no shield)
rNeg    . . .        (body armour unavailable)
rPois   .            (helmet restricted)
rElec   .            (no cloak)
rCorr   .            l - +0 pair of gloves
SInv    .            (no boots)
Will    +....        (no amulet)
Stlth   +++          g - +6 ring of dexterity
HPRegen 0.30/turn    q - +6 ring of strength
MPRegen 0.14/turn

%: no passive effects
@: no status effects
A: breathe power, AC +6, unfitting armour, cold-blooded
a: Breathe Dispelling Energy, Renounce Religion, Potion Petition, Call Merchant,
Bribe Branch


You were on level 6 of the Dungeon.
You worshipped Gozag.
Gozag was pleased with you.
You visited 1 branch of the dungeon, and saw 6 of its levels.

You collected 755 gold pieces.
You spent 24 gold pieces at shops.

Inventory:

Missiles
 d - 10 poisoned darts
Armour
 l - a +0 pair of gloves (worn)
Magical Staves
 h - a staff of conjuration (weapon)
Jewellery
 g - a +6 ring of dexterity (left hand)
 k - a ring of poison resistance
 q - a +6 ring of strength (right hand)
 s - a +6 ring of intelligence
Scrolls
 c - a scroll of summoning
 i - a scroll of immolation {unknown}
 j - 2 scrolls of noise {unknown}
 m - 2 scrolls of vulnerability
 o - a scroll of enchant armour {unknown}
 p - a scroll of torment {unknown}
 r - 12 scrolls of identify
 w - 4 scrolls of teleportation {unknown}
 x - a scroll of poison {unknown}
 y - a scroll of amnesia {unknown}
Potions
 a - 2 potions of curing
 e - a potion of invisibility {unknown}
 f - a potion of lignification {unknown}
 n - a potion of attraction {unknown}
 t - a potion of mutation {unknown}
 u - a potion of might {unknown}
 v - 2 potions of haste {unknown}
 z - a potion of ambrosia {unknown}
 A - a potion of brilliance {unknown}


   Skills:
 - Level 2.0 Fighting
 + Level 3.8 Dodging
 + Level 4.2 Stealth
 + Level 5.0 Spellcasting
 * Level 6.7 Conjurations
 * Level 5.5 Hexes
 + Level 3.9 Evocations


You had 11 spell levels left.
You knew the following spells:

 Your Spells              Type           Power      Damage    Failure   Level
a - Magic Dart            Conj           100%       1d8       1%          1
b - Searing Ray           Conj           94%        2d7       1%          2
c - Dazzling Flash        Conj/Hex       88%        N/A       2%          3

Your spell library contained the following spells:

 Spells                   Type           Power      Damage    Failure   Level
 Fulminant Prism          Conj/Hex       22%        3d12      9%          4
 Freeze                   Ice            20%        1d4       12%         1
 Necrotise                Necr           20%        1d5       12%         1
 Summon Small Mammal      Summ           20%        N/A       12%         1
 Iskenderun's Mystic Bla  Conj/Tloc      27%        2d7       28%         4


Dungeon Overview and Level Annotations

Branches:
Dungeon (6/15)
 Temple: D:4-7

Altars:
Elyvilon
Gozag
Kikubaaqudgha
Okawaru
Sif Muna
Uskayaw
Vehumet
Wu Jian

Shops:
D:1 *


Innate Abilities, Weirdness & Mutations

You can breathe bolts of dispelling energy.
Your rich purple scales are hard. (AC +6)
You cannot fit into any form of body armour.
You are cold-blooded and may be slowed by cold attacks.


Message History

You kill the orc!
The steam dragon barely misses you.
The steam dragon claws you but does no damage.
The searing ray hits the steam dragon.
The steam dragon is heavily wounded.
You finish channelling your searing ray.
The steam dragon bites you but does no damage.
The steam dragon claws you.
The steam dragon hisses angrily.
The steam dragon breathes steam at you. The ball of steam hits you!
* * * LOW HITPOINT WARNING * * *
You are engulfed in a cloud of scalding steam.
* * * LOW HITPOINT WARNING * * *
You are engulfed in a cloud of scalding steam.
Really walk into that cloud of steam?
Okay, then.
The steam dragon breathes steam at you.
The ball of steam hits the steam dragon!
The steam dragon resists.
The ball of steam hits you!
* * * LOW HITPOINT WARNING * * *
You feel much better. The steam dragon breathes steam at you.
The ball of steam hits you!
* * * LOW HITPOINT WARNING * * *
The steam dragon attacks as you move away!
The steam dragon bites you.
* * * LOW HITPOINT WARNING * * *
The steam dragon barely misses you.
Casting: Searing Ray (safe; 1% risk of failure)
Confirm with . or Enter, or press ? or * to list all spells.
Aiming: Searing Ray (safe; 1% risk of failure)
Press: ? - help, Shift-Dir - straight line, f/p - steam dragon
Aim: a steam dragon (severely wounded, 82% to hit)
You feel a surge of power!
The searing ray misses the steam dragon. (Press . to maintain the ray.)
You are engulfed in a cloud of scalding steam.
You die...
Your body crumbles into a pile of gold.

####### ###....<#
##########...###.#
###.....@.§..#####.#
###....###.D§..##
#...# ####..
#..§.##..# ##.###
.....#####S#D.§..##
#..#
#....##.D..#####
#.## #....#.§#.##
#.# .####.....D##.#
#.# ......D...##..#
#.# ...#...$.###.##
#######.#


You could see 2 steam dragons and an adder.

Vanquished Creatures
  Prince Ribbit (D:6)
  A steam dragon (D:6)
  A water moccasin (D:6)
  2 black bears (D:5)
  An ogre (D:5)
  A phantom (D:6)
  A bullfrog (D:6)
  A kobold brigand (D:4)
  A scorpion (D:4)
  A jelly (D:5)
  5 hounds
  2 gnoll boudas
  2 orc priests (D:3)
  A sleepcap (D:6)
  2 iguanas
  An orc wizard (D:3)
  15 gnolls
  7 adders
  An ufetubus (D:5)
  3 worms (D:3)
  A dart slug (D:3)
  11 orcs
  9 ball pythons
  2 bats
  2 endoplasms
  6 giant cockroaches
  7 goblins
  5 hobgoblins
  3 jackals (D:3)
  2 quokkas (D:2)
  A frilled lizard (D:3)
  28 kobolds
  3 rats (D:2)
130 creatures vanquished.

Notes
Turn   | Place    | Note
-------+----------+-------------------------------------------
     0 | D:1      | TrilBe the Draconian Conjurer began the quest for the Orb.
     0 | D:1      | Reached XP level 1. HP: 14/14 MP: 3/3
   303 | D:1      | Reached XP level 2. HP: 20/20 MP: 1/5
   408 | D:1      | Learned a level 2 spell: Searing Ray
   579 | D:1      | Found Botatseh's General Store.
   588 | D:1      | Bought a scroll of identify for 24 gold pieces
  1334 | D:2      | Reached XP level 3. HP: 27/27 MP: 4/6
  1827 | D:3      | Reached skill level 1 in Fighting
  1849 | D:3      | Reached XP level 4. HP: 35/35 MP: 0/7
  1880 | D:3      | Reached skill level 1 in Hexes
  2000 | D:3      | Reached skill level 1 in Evocations
  2192 | D:3      | Found a white marble altar of Elyvilon.
  2313 | D:3      | Found an ornate altar of the Wu Jian Council.
  2387 | D:3      | Reached XP level 5. HP: 40/40 MP: 6/9
  2416 | D:3      | Found a faded altar of an unknown god.
  2420 | D:3      | Prayed at the altar of an unknown god.
  2420 | D:3      | Became a worshipper of Gozag Ym Sagoz the Greedy
  2445 | D:3      | Found an ancient bone altar of Kikubaaqudgha.
  2646 | D:3      | Learned a level 3 spell: Dazzling Flash
  2909 | D:3      | Found a radiant altar of Vehumet.
  2934 | D:3      | Found an opulent altar of Gozag.
  3829 | D:4      | Reached XP level 6. HP: 46/48 MP: 1/10
  4191 | D:4      | Found an iron altar of Okawaru.
  4205 | D:4      | Reached skill level 5 in Conjurations
  4291 | D:4      | Got Even Rookies Can Use Spellcasting!
  4993 | D:4      | Your scales start taking on a rich purple colour.
  4993 | D:4      | Reached XP level 7. HP: 55/55 MP: 4/12
  5117 | D:4      | Found a shimmering blue altar of Sif Muna.
  5259 | D:4      | Found a hide-covered altar of Uskayaw.
  5369 | D:5      | Entered Level 5 of the Dungeon
  5391 | D:6      | Noticed a steam dragon
  6000 | D:5      | Reached XP level 8. HP: 59/61 MP: 5/14
  6235 | D:5      | Reached skill level 6 in Conjurations
  6511 | D:6      | Noticed Prince Ribbit
  6573 | D:6      | Reached skill level 5 in Hexes
  6934 | D:6      | Killed Prince Ribbit
  6940 | D:6      | Reached skill level 5 in Spellcasting
  6975 | D:6      | HP: 1/61 [something/ball of steam (14)]
  6980 | D:6      | Engulfed by a steam dragon's steam

Illustrated notes

Levels and vault maps discovered:
D:1:      lemuel_arrival_tunnels, layout_rooms, serial_shops, shop,
          chequers_serial_rivers_small_3
D:2:      layout_basic
D:3:      layout_basic, mainiacjoe_overflow_alcove_4, lemuel_crystal_altar,
          mainiacjoe_overflow_boulevard, lemuel_doored_altar,
          mainiacjoe_overflow_tiny_flanked,
          hellmonk_ecumenical_altar_heavens_door, hex_large, minmay_checkerbox
D:4:      kennysheep_kobold_camp, layout_loops_corners,
          mainiacjoe_overflow_catwalk, lemuel_round_altar,
          okawaru_metal_pillars_1_2
D:5:      layout_rooms
D:6:      cheibrodos_steamvent, layout_rooms, minmay_temple_entry_crystal_x,
          minmay_fractal_squares_gapless_5, uniq_prince_ribbit1

Skill      XL: |  1  2  3  4  5  6  7  8 |
---------------+-------------------------+-----
Stealth        | 2 3 4 |  4.2
Dodging        | 2 3 |  3.8
Fighting       | 1 2 |  2.0
Hexes          | 1 2 3 4 5 |  5.5
Evocations     | 1 2 3 |  3.9
Spellcasting   | 3 4 5 |  5.0
Conjurations   | 5 6 |  6.7

Action                     |  1- 3 |  4- 6 |  7- 9 || total
---------------------------+-------+-------+-------++-------
  Melee: Unarmed           |    24 |       |       ||    24
         Tailslap          |     6 |     8 |     3 ||    17
         Staff             |    10 |    60 |    18 ||    88
         Punch             |       |       |     1 ||     1
   Cast: Magic Dart        |    54 |    81 |    39 ||   174
         Searing Ray       |       |    21 |    25 ||    46
Ability: Breathe Dispellin |       |       |     1 ||     1
    Use: Scroll            |       |     2 |       ||     2
         Potion            |       |     2 |     1 ||     3
   Stab: Sleeping          |     1 |       |       ||     1
         Distracted        |       |     1 |       ||     1
 Armour: Skin              |     9 |    47 |    26 ||    82
  Dodge: Dodged            |    26 |   118 |    48 ||   192
